 Dungeon Crawl Stone Soup version 0.17.0-9-g801d43b (webtiles) character file.

103 Rhombus the Skirmisher (level 4, -4/40 HPs)
             Began as a Centaur Fighter on Nov 9, 2015.
             Slain by a worker ant (5 damage)
             ... on level 4 of the Dungeon on Nov 10, 2015.
             The game lasted 00:16:09 (1868 turns).

Rhombus the Skirmisher (Centaur Fighter)            Turns: 1868, Time: 00:16:09

Health: -4/40      AC:  6    Str: 19    XL:     4   Next: 51%
Magic:  4/4        EV:  5    Int:  7    God:
Gold:   57         SH:  8    Dex:  9    Spells: 0 memorised, 3 levels left

rFire  . . .     SeeInvis .     a - +0 war axe
rCold  . . .     Clarity  .     b - +0 scale mail
rNeg   . . .     SustAt   .     c - +0 shield
rPois  .         Gourm    .     (no helmet)
rElec  .         Spirit   .     (no cloak)
rCorr  .         Warding  .     (no gloves)
rMut   .         Stasis   .     (no barding)
MR     .....                    (no amulet)
Stlth  ..........               (no ring)
                                (no ring)

@: lethally poisoned (-4 -> -25), very quick, not resistant to hostile
enchantments, extremely unstealthy
A: hooves 3, deformed body, speed 2, tough skin 3
a: no special abilities


You were on level 4 of the Dungeon.
You were not hungry.

You visited 1 branch of the dungeon, and saw 4 of its levels.

You collected 57 gold pieces.

Inventory:

Hand Weapons
 a - a +0 war axe (weapon)
Missiles
 f - 29 stones (quivered)
Armour
 b - a +0 scale mail (worn)
 c - a +0 shield (worn)
Scrolls
 j - a scroll of magic mapping {unknown}
 k - a scroll of random uselessness {unknown}
 m - a scroll of identify {unknown}
Potions
 d - a potion of might
 h - 2 potions of lignification
Books
 i - a book of Unlife

   Spells                             Type                      Level
   a - Recall                         Summoning/Translocation      3
   b - Animate Dead                   Necromancy                   4
   c - Control Undead                 Necromancy                   4
   d - Cigotuvi's Embrace             Necromancy                   5
   e - Death Channel                  Necromancy                   6
   f - Simulacrum                     Ice/Necromancy               6
Comestibles
 e - a bread ration
 g - 3 fruits


   Skills:
 * Level 3.9 Fighting
 * Level 2.6 Axes
 * Level 1.5 Throwing
 - Level 2.4 Armour
 - Level 0.2 Dodging
 - Level 2.3 Shields


You had 3 spell levels left.
You didn't know any spells.

Dungeon Overview and Level Annotations

Branches:
Dungeon (4/15)             Temple (0/1) D:4

Altars:
Cheibriados

Shops:
D:4 ?


Innate Abilities, Weirdness & Mutations

You have hooves in place of feet.
Armour fits poorly on your strangely shaped body.
You cover ground very quickly.
You have extremely tough skin (AC +3).


Message History

* * * LOW HITPOINT WARNING * * *
You feel sick. The worker ant bites you.
* * * LOW HITPOINT WARNING * * *
The worker ant bites you.
* * * LOW HITPOINT WARNING * * *
You are more poisoned.
The worker ant poisons you! The worker ant bites you.
* * * LOW HITPOINT WARNING * * *
The worker ant barely misses you.
You hit the worker ant but do no damage.
The worker ant is almost dead.
Your scale mail prevents you from hitting the worker ant.
The worker ant is lightly wounded.
* * * LOW HITPOINT WARNING * * *
You feel sick. The worker ant bites you.
* * * LOW HITPOINT WARNING * * *
You are more poisoned.
The worker ant poisons you! You block the worker ant's attack.
You block the worker ant's attack. The worker ant bites you.
You die...

... ### ... ..# ...
#.. ## #.# #.# # ..
#.# #.# ... # #. #.#
##.###..?..
#.##.##.####..(.......
......a@...#..#.#.....
.....8a8.8.#..#.# ...
#.#...⌠.⌠.....#.## #
#..8.>.8...(....#
##..⌠.⌠†.##.#.#.#
#<##.8.8.8.##.#.#
#.............#.#
######..#..####
#.###÷#


You could see 2 worker ants.

Vanquished Creatures
  A scorpion (D:4)
  3 adders
  A worm (D:2)
  2 giant geckos (D:1)
  A giant cockroach (D:1)
  3 goblins
  A hobgoblin (D:1)
  2 jackals (D:1)
  A ball python (D:4)
  3 bats
  A giant newt (D:2)
  4 kobolds
  2 rats (D:1)
25 creatures vanquished.

Notes
Turn   | Place    | Note
--------------------------------------------------------------
     0 | D:1      | Rhombus the Centaur Fighter began the quest for the Orb.
     0 | D:1      | Reached XP level 1. HP: 19/19 MP: 1/1
   462 | D:1      | Reached XP level 2. HP: 24/26 MP: 2/2
   999 | D:1      | Found a snail-covered altar of Cheibriados.
  1128 | D:2      | Reached XP level 3. HP: 4/31 MP: 3/3
  1538 | D:4      | Found Tupsifoji's Magic Scroll Shop.
  1551 | D:4      | Found a staircase to the Ecumenical Temple.
  1689 | D:4      | Noticed a scorpion
  1703 | D:4      | Killed a scorpion
  1703 | D:4      | Reached skill level 1 in Throwing
  1703 | D:4      | Reached XP level 4. HP: 14/40 MP: 4/4
  1868 | D:4      | HP: 2/40 [poisoned by a worker ant]
  1868 | D:4      | Slain by a worker ant

Action                   |  1- 3 |  4- 6 || total
-------------------------+-------+-------++-------
Melee: War axe           |    80 |    11 ||    91
Throw: Stone             |     6 |       ||     6
  Use: Potion            |     3 |       ||     3
  Eat: Fruit             |     1 |       ||     1
       Chunk             |     1 |       ||     1
